 Dungeon Crawl Stone Soup version 0.22-a0-247-gbddf880 (webtiles) character file.

286849 Amnesiac the Evocator (level 20, -10/117 HPs)
             Began as a Spriggan Artificer on Feb 26, 2018.
             Was an Initiate of Gozag.
             Mangled by a shambling mangrove (22 damage)
             ... on level 3 of the Swamp.
             The game lasted 04:38:24 (73369 turns).

Amnesiac the Evocator (Spriggan Artificer)         Turns: 73369, Time: 04:38:25

Health: -10/117    AC: 19    Str: 19    XL:     20   Next: 49%
Magic:  0/37       EV: 12    Int: 17    God:    Gozag
Gold:   4151       SH: 20    Dex: 21    Spells: 18/37 levels left

rFire    + + .     SeeInvis +   E - +0 dagger (distort)
rCold    + . .     Gourm    .   j - +3 buckler {rF+}
rNeg     + + +     Faith    .   d - +1 gold dragon scales
rPois    +         Spirit   +   Y - +2 hat
rElec    +         Reflect  +   n - scarf {Spirit}
rCorr    .         Harm     .   (gloves unavailable)
MR       +++..                  (boots unavailable)
Stlth    ..........             t - brooch of Shielding {Reflect SH+8}
HPRegen  0.29/turn              X - ring of Emaarchue {rElec rF- MR+ Str+5 Int+4}
MPRegen  0.25/turn              O - ring "Xueqil" {rF+ rN+++ MR- Slay+5 Stlth-}

@: grasped by roots, gold aura, quick
A: very small, unfitting armour, antennae 1, see invisible, agile 1, herbivore,
speed 3, slow metabolism 2
a: Potion Petition, Call Merchant, Bribe Branch, Renounce Religion


You were on level 3 of the Swamp.
You worshipped Gozag.
Gozag was most pleased with you.
You were near starving.

You visited 9 branches of the dungeon, and saw 38 of its levels.
You also visited: Bailey, Ice Cave, Volcano and Wizlab.

You collected 18223 gold pieces.
You spent 5078 gold pieces at shops.
You paid 8994 gold pieces to Gozag.

Inventory:

Hand Weapons
 a - a +1 dagger of electrocution
 b - a +2 blowgun
 v - a +0 quick blade of venom
 E - a +0 dagger of distortion (weapon)
 R - a +2 demon blade of electrocution
Missiles
 x - a throwing net (quivered)
 z - 909 arrows
 N - 19 curare-tipped needles
Armour
 d - +1 gold dragon scales (worn)
 j - a +3 buckler of fire resistance (worn)
 n - a scarf of spirit shield (worn)
 D - a +2 robe of the Archmagi
 Y - a +2 hat (worn)
 Z - a +2 buckler of cold resistance
Jewellery
 t - the brooch of Shielding (around neck) {Reflect SH+8}
   (You found it on level 5 of the Dungeon)

   [amulet of reflection]

   It shields you and reflects attacks.
   It affects your SH (+8).
 B - an uncursed ring of resist corrosion
 C - an uncursed amulet of guardian spirit
 O - the ring "Xueqil" (right hand) {rF+ rN+++ MR- Slay+5 Stlth-}
   (You bought it in a shop on level 1 of the Depths)

   [ring of protection from fire]

   It affects your accuracy and damage with ranged weapons and melee attacks
   (+5).
   It protects you from fire.
   It renders you almost immune to negative energy.
   It affects your resistance to hostile enchantments.
   It makes you less stealthy.
 X - the ring of Emaarchue (left hand) {rElec rF- MR+ Str+5 Int+4}
   (You bought it in a shop on level 1 of the Depths)

   [ring of strength]

   It affects your strength (+5).
   It affects your intelligence (+4).
   It makes you vulnerable to fire.
   It insulates you from electricity.
   It affects your resistance to hostile enchantments.
Wands
 e - a wand of random effects (29)
 f - a wand of iceblast (17)
 p - a wand of digging (27)
 w - a wand of clouds (2)
 H - a wand of polymorph (25)
Scrolls
 i - 4 scrolls of magic mapping {!r}
 l - 11 scrolls of identify {!r}
 u - 5 scrolls of teleportation {!r}
 y - 11 scrolls of remove curse {!r}
 J - 7 scrolls of fog {!r}
 P - a scroll of silence {!r}
 T - 4 scrolls of amnesia {!r}
 V - 4 scrolls of vulnerability {!r}
Potions
 c - 4 potions of brilliance {!q}
 h - 5 potions of might {!q}
 k - 5 potions of flight {!q}
 q - 2 potions of lignification {!q}
 r - 2 potions of mutation {!q}
 A - a potion of agility {!q}
 I - 2 potions of resistance {!q}
 L - 2 potions of cancellation {!q}
 M - 2 potions of berserk rage {!q}
Miscellaneous
 g - a phantom mirror
 m - a lightning rod (4/4)
 o - a fan of gales (inert)
 F - a crystal ball of energy
 K - 2 sacks of spiders
 S - 4 boxes of beasts
 W - a lamp of fire
Comestibles
 s - a ration


   Skills:
 - Level 17.0 Fighting
 - Level 10.0 Short Blades
 + Level 9.1 Armour
 - Level 18.0 Dodging
 - Level 10.0 Stealth
 - Level 7.2 Shields
 - Level 9.0 Spellcasting
 - Level 25.2 Evocations


You had 18 spell levels left.
You knew the following spells:

 Your Spells              Type           Power        Failure   Level  Hunger
a - Apportation           Tloc           #.....       100%        1    None
b - Passwall              Tmut/Erth      #.........   100%        2    None
c - Summon Small Mammal   Summ           #...         100%        1    None
d - Confuse               Hex            #.......     100%        3    None
e - Mephitic Cloud        Conj/Pois/Air  #.......     100%        3    None
f - Sticks to Snakes      Tmut           #.......     100%        2    None
r - Regeneration          Chrm/Necr      #.........   100%        3    None
s - Conjure Flame         Conj/Fire      #.......     100%        3    None
z - Confusing Touch       Hex            #.....       100%        1    None


Dungeon Overview and Level Annotations

Branches:
Dungeon (15/15)            Temple (0/1) D:7            Lair (6/6) D:10
  Swamp (3/4) Lair:4        Snake (0/4) Lair:3        Slime (3/5) Lair:5
    Orc (2/2) D:9             Elf (3/3) Orc:2        Vaults (0/5) D:13
 Depths (3/5) D:15           Hell (1/1)                 Dis (2/7) Hell
    Tar (0/7) Hell
    Geh: Hell:1         Coc: Hell:1

Altars:
Ashenzari
Cheibriados
Dithmenos
Fedhas
Gozag
Kikubaaqudgha
Makhleb
Okawaru
Ru
Trog
Uskayaw
Vehumet
Wu Jian
Xom
The Shining One
Jiyva

Shops:
D:6 *   D:7 *((   Orc:2 !:!   Elf:3 }}(!   Depths:1 =}=

Portals:
Hell: Depths:1 Depths:2 Depths:3
Pandemonium: Depths:2
Trove: Elf:3 (give 19 potions of curing)

Annotations:
Swamp:1 Josephine
Elf:1 exclusion: 2 doors
Hell Geryon


Innate Abilities, Weirdness & Mutations

You are very small and have problems with some larger weapons.
You are too small for most types of armour.
You have supernaturally acute eyesight. (SInv)
You are a herbivore.
You cover ground extremely quickly.
You need consume almost no food.
You have a pair of small antennae on your head.
You are agile. (Dex +2)


Message History

The five-headed hydra bites you.
* * * LOW HITPOINT WARNING * * *
The five-headed hydra bites you.
* * * LOW HITPOINT WARNING * * *
You block the five-headed hydra's attack.
Unknown command.
Unknown command.
What are your orders? t - Shout!
Orders for allies: a - Attack new target. r - Retreat! s - Stop attacking. g - Guard the area. f - Follow me.
Anything else - Cancel.
Gang up on whom?
Press: ? - help, Dir - move target cursor, f - five-headed hydra
Aim: a five-headed hydra (lightly wounded, poisoned) Attack!
Your primal firesting beast breathes flames at the five-headed hydra.
The blast of flame hits the five-headed hydra.
The five-headed hydra dies!
What are your orders? t - Shout!
Orders for allies: a - Attack new target. r - Retreat! s - Stop attacking. g - Guard the area. f - Follow me.
Anything else - Cancel.
Gang up on whom?
Press: ? - help, Dir - move target cursor, f - four-headed hydra
Aim: a four-headed hydra Attack!
The shambling mangrove hits you!!
* * * LOW HITPOINT WARNING * * *
The insubstantial wisp is distracted by the nearby gold.
Unknown command.
Unknown command.
Unknown command.
The four-headed hydra is distracted by the nearby gold.
You block the shambling mangrove's attack.
Unknown command.
Unknown command.
Unknown command.
Unknown command.
Okay, then.
Unknown command.
Okay, then.
Unknown command.
Tangled roots snake along the ground.
The four-headed hydra is no longer distracted by gold.
Your primal firesting beast stings the four-headed hydra.
You hear a chilling moan. x3
Unknown command.
You aren't carrying any food.
Unknown command.
Unknown command.
You enter the shallow water.
Moving in this stuff is going to be slow.
The four-headed hydra dies!
Unknown command.
Unknown command.
You see here a ration.
Unknown command.
s - a ration The shambling mangrove hits you!!
You die...
Your body crumbles into a pile of gold.

..≈≈≈≈.≈≈≈...♣≈..♣♣
≈≈..≈≈≈≈≈≈≈≈..♣♣♣♣♣
..>.≈≈≈≈≈≈..♣♣♣
♣♣.≈≈≈≈≈....≈♣
♣..≈≈≈≈≈....≈♣♣
♣≈.≈≈≈≈≈.....♣♣
♣♣≈≈≈≈≈≈≈≈....♣
♣♣..§≈≈≈≈≈§.♣♣
♣♣@≈≈≈≈§≈≈≈≈.♣
♣≈f≈≈..≈≈≈≈§♣♣
♣♣.H..≈..≈≈...≈
♣♣.$≈♣♣.≈≈≈≈≈≈≈
♣≈$..♣..≈≈≈≈≈♣
♣.v.≈♣♣.<≈≈≈≈.♣
♣%.≈♣♣♣..≈≈≈...
.v≈..♣ ♣♣≈.≈≈≈
.≈♣....


You could see a shambling mangrove, an insubstantial wisp and a friendly primal
firesting beast.

Vanquished Creatures
  A lich (Depths:1)
  A tentacled monstrosity (Depths:1)
  2 acid blobs (Depths:1)
  2 deep elf master archers (Elf:3)
  3 deep elf blademasters
  Kirke (D:15)
  A storm dragon (Depths:1)
  11 azure jellies
  4 frost giants
  7 deep elf sorcerers
  4 fire giants
  2 iron dragons (D:15)
  2 orc warlords (Orc:1)
  6 deep elf elementalists
  A juggernaut skeleton (Elf:1)
  A reaper (Depths:1)
  A vampire knight (Depths:1)
  A war gargoyle (Depths:2)
  11 stone giants
  5 deep elf demonologists (Elf:3)
  8 deep elf annihilators (Elf:3)
  9 purple draconians (WizLab)
  9 statues (WizLab)
  4 ettins
  4 deep elf death magi (Elf:3)
  A merfolk javelineer (Depths:2)
  Snorg (Orc:1)
  2 yaktaur captains
  9 death oozes
  4 deep elf high priests
  5 fire dragons
  7 great orbs of eyes
  A caustic shrike simulacrum (Elf:1)
  4 rakshasas
  An ice dragon (D:15)
  2 hell beasts
  3 ghost crabs (Elf:1)
  10 hydras
  7 centaur warriors
  3 catoblepae
  3 deep troll shamans
  13 two-headed ogres
  6 death yaks
  A vampire mage (Depths:3)
  5 ogre magi
  3 tengu warriors
  The ghost of Amnesiac the Geomancer, a novice DDEE of Gozag (D:7)
  2 deep troll earth magi
  Urug (Lair:2)
  4 orc high priests (Orc:2)
  A sun demon (Depths:3)
  The ghost of Galewind the Destroyer, a journeyman DECj of Vehumet (Lair:4)
  Sonja (Lair:4)
  2 spriggan berserkers
  An iron golem (Dis:1)
  17 deep elf knights
  12 skeletal warriors
  A fire crab (Elf:1)
  A storm dragon skeleton (Elf:1)
  4 iron trolls
  7 unseen horrors
  4 glowing orange brains
  2 hell knights
  2 deep trolls (shapeshifter) (Elf:2)
  A death drake (Elf:1)
  7 deep elf archers
  4 phantasmal warriors
  A spriggan druid (Swamp:2)
  5 deep trolls
  A lindwurm (shapeshifter) (D:15)
  2 wizards (Depths:2)
  2 lindwurms (Elf:1)
  5 orc knights
  An ugly thing (Depths:2)
  2 wolf spider zombies (D:15)
  A mana viper (Elf:1)
  3 wolf spiders
  81 deep elf magi
  2 hornets
  7 manticores
  3 cyclopes (D:15)
  2 orc sorcerers (Orc:2)
  A cyclops (shapeshifter) (Elf:2)
  2 worldbinders (Elf:1)
  19 elephants
  A guardian serpent (shapeshifter) (D:15)
  A frost giant skeleton (Dis:2)
  2 rust devils
  A water nymph (Elf:3)
  A smoke demon (Depths:2)
  7 black mambas
  An eye of devastation (Depths:2)
  A guardian serpent (D:11)
  Maurice (Orc:1)
  4 molten gargoyles
  28 spiny frogs
  2 kobold demonologists (D:13)
  A rime drake (Lair:4)
  2 torpor snails (Lair:6)
  A tormentor (Dis:2)
  2 freezing wraiths
  10 komodo dragons
  A golden dragon simulacrum (Elf:1)
  8 ice devils
  An efreet (D:15)
  4 yaktaurs
  2 tengu conjurers
  5 trolls
  A queen bee (D:12)
  A jumping spider (shapeshifter) (Elf:2)
  2 raiju (Elf:1)
  7 tyrant leeches
  9 blink frogs (Lair:6)
  A meliai zombie (D:15)
  A frost giant simulacrum (Depths:3)
  7 hippogriffs
  3 bog bodies
  41 slime creatures
  2 spriggans
  10 redbacks
  4 centaur simulacra (D:15)
  4 air elementals
  3 shadows
  6 water elementals
  A vampire (D:15)
  The ghost of Amnesiac the Prestidigitator, an amateur SpAr (D:5)
  A hog (shapeshifter) (D:15)
  3 wraiths
  An elf skeleton (Elf:1)
  A human (D:9)
  55 yaks
  2 hungry ghosts
  2 fire bats (Volcano)
  5 basilisks
  5 fire elementals
  7 hogs
  A golden eye (shapeshifter) (D:15)
  5 insubstantial wisps
  13 vampire mosquitoes
  6 swamp worms
  A soldier ant (D:15)
  8 wargs
  An acid dragon (shapeshifter) (Depths:2)
  2 acid dragons
  8 water moccasins
  3 hell hounds (Dis:2)
  16 porcupines
  2 floating eyes (shapeshifter)
  A floating eye (Depths:2)
  A hornet zombie (D:11)
  5 sky beasts
  3 ice beasts
  2 phantoms
  4 swamp drakes
  2 necrophages
  51 orc warriors
  2 eyes of draining
  10 wolves
  9 ogres
  A boggart (Elf:1)
  3 black bears
  19 centaurs
  6 crocodiles
  A big kobold (D:12)
  30 bullfrogs
  3 earth elementals
  A glowing shapeshifter simulacrum (Elf:1)
  A wyvern skeleton (D:10)
  7 scorpions
  19 killer bees
  3 small abominations (Elf:1)
  21 wights
  A vampire bat (Elf:1)
  8 howler monkeys
  2 electric eels
  A bullfrog zombie (D:9)
  9 crimson imps
  A quasit (D:12)
  15 jellies
  6 lava snakes
  6 centaur skeletons
  41 orc priests
  3 hounds
  An iron imp (Depths:2)
  A bullfrog skeleton (D:5)
  Natasha (thrice) (D:2)
  5 iguanas
  30 orc wizards
  11 worker ants
  4 lightning spires (Elf:1)
  A hound skeleton (D:4)
  A worker ant zombie (D:5)
  A howler monkey zombie (D:6)
  13 adders
  3 shadow imps
  7 white imps (IceCv)
  3 oozes
  3 ufetubi (IceCv)
  2 adder skeletons
  8 worms
  2 dart slugs
  2 leopard geckos
  119 orcs
  4 ball pythons
  3 bats
  8 giant cockroaches
  9 goblins
  7 hobgoblins
  17 jackals
  15 kobolds
  A quokka (D:7)
  3 frilled lizards
  2 jackal zombies
  6 rats
  A plant (D:10)
1341 creatures vanquished.

Vanquished Creatures (collateral kills)
  Louise (Elf:1)
  A stone giant (Depths:2)
  The ghost of Anon1729 the Destroyer, a journeyman FeCj of Sif Muna (Depths:1)
  An ettin (Depths:2)
  3 hydras
  A tengu warrior (Depths:2)
  3 dancing weapons (Elf:2)
  A flayed ghost (Depths:2)
  2 deep elf magi
  A cyclops (D:13)
  A black mamba (Elf:1)
  A slime creature (D:12)
  A hornet (Elf:1)
  A redback (Elf:1)
  3 yaks (D:12)
  A tarantella (Elf:1)
  A bullfrog (D:15)
  A killer bee (D:12)
  2 orc wizards
  An orc priest (Orc:2)
  An orc (D:4)
29 creatures vanquished.

Vanquished Creatures (others)
  2 stone giants (Depths:2)
  2 merfolk javelineers
  A blizzard demon (IceCv)
  A hydra (Swamp:3)
  A deep troll shaman (Depths:3)
  An alligator (Swamp:2)
  14 dancing weapons
  A deep elf archer (Elf:1)
  6 deep elf magi
  A manticore (D:13)
  2 ice statues (IceCv)
  An elephant (Lair:6)
  2 yaktaurs (Depths:2)
  4 ice devils (IceCv)
  A hippogriff (D:15)
  A centaur simulacrum (D:15)
  A redback (Elf:1)
  A swamp worm (Swamp:1)
  An acid dragon (D:15)
  A boggart (Elf:1)
  5 centaurs (Bailey)
  A hornet simulacrum (D:11)
  2 orc wizards
  An adder (D:4)
  4 white imps (IceCv)
  4 ufetubi (IceCv)
  4 ball lightnings (Elf:1)
  A fire vortex (Elf:1)
  25 fungi
  64 plants
156 creatures vanquished.

Grand Total: 1526 creatures vanquished

Notes
Turn   | Place    | Note
-------+----------+-------------------------------------------
     0 | D:1      | Amnesiac the Spriggan Artificer began the quest for the Orb.
     0 | D:1      | Reached XP level 1. HP: 9/9 MP: 4/4
    90 | D:2      | Found a hide-covered altar of Uskayaw.
   926 | D:2      | Found a shimmering altar of Xom.
   926 | D:2      | Found a shadowy altar of Dithmenos.
   926 | D:2      | Found an ancient bone altar of Kikubaaqudgha.
   926 | D:2      | Found a snail-covered altar of Cheibriados.
   935 | D:2      | Found an ornate altar of the Wu Jian Council.
   935 | D:2      | Found a radiant altar of Vehumet.
  1004 | D:2      | Reached XP level 2. HP: 5/14 MP: 6/6
  1495 | D:4      | Reached skill level 5 in Evocations
  1495 | D:4      | Reached XP level 3. HP: 17/17 MP: 8/8
  1610 | D:4      | Reached skill level 6 in Evocations
  1610 | D:4      | Reached XP level 4. HP: 19/21 MP: 9/9
  1895 | D:4      | You fall through a shaft!
  1895 | D:5      | Entered Level 5 of the Dungeon
  1897 | D:5      | Found a bloodstained altar of Trog.
  1914 | D:5      | Noticed a sky beast
  1915 | D:5      | Found the brooch of Shielding {Reflect SH+8}
  2210 | D:4      | Reached XP level 5. HP: 22/25 MP: 10/10
  2266 | D:5      | Noticed Amnesiac's ghost (amateur SpAr)
  2300 | D:5      | Killed Amnesiac's ghost
  2300 | D:5      | Reached skill level 5 in Short Blades
  2300 | D:5      | Reached XP level 6. HP: 19/29 MP: 8/11
  2531 | D:5      | Reached skill level 7 in Evocations
  2812 | D:5      | Killed a sky beast
  2812 | D:5      | Reached XP level 7. HP: 25/32 MP: 10/13
  3012 | D:5      | Reached skill level 1 in Fighting
  3711 | D:6      | Found an opulent altar of Gozag.
  3733 | D:6      | Became a worshipper of Gozag Ym Sagoz the Greedy
  3849 | D:3      | Reached skill level 8 in Evocations
  4468 | D:2      | Found a glowing golden altar of the Shining One.
  4854 | D:2      | Noticed Natasha
  4880 | D:2      | Killed Natasha
  5235 | D:2      | Noticed Natasha
  5243 | D:2      | Killed Natasha
  6136 | D:2      | Found a hide-covered altar of Uskayaw.
  6236 | D:2      | Noticed Natasha
  6295 | D:2      | Found a shimmering altar of Xom.
  6295 | D:2      | Found a shadowy altar of Dithmenos.
  6295 | D:2      | Found an ancient bone altar of Kikubaaqudgha.
  6295 | D:2      | Found a snail-covered altar of Cheibriados.
  6306 | D:2      | Reached skill level 9 in Evocations
  6320 | D:2      | Found an ornate altar of the Wu Jian Council.
  6320 | D:2      | Found a radiant altar of Vehumet.
  6505 | D:2      | Found a glowing golden altar of the Shining One.
  7664 | D:2      | Killed Natasha
  7796 | D:2      | Found a hide-covered altar of Uskayaw.
  7979 | D:6      | Found a sacrificial altar of Ru.
  8143 | D:6      | Found Moca Eqa's General Store.
  8155 | D:6      | Reached XP level 8. HP: 40/40 MP: 14/16
  8304 | D:6      | Reached skill level 10 in Evocations
  8883 | D:7      | Noticed Amnesiac's ghost (novice DDEE)
  8902 | D:7      | Killed Amnesiac's ghost
  9016 | D:7      | Reached XP level 9. HP: 42/44 MP: 17/17
  9170 | D:7      | Reached skill level 5 in Fighting
  9349 | D:7      | Found Avaocleq's Weapon Shop.
  9364 | D:7      | Found Paph's Assorted Antiques.
  9398 | D:7      | Bought a scroll labeled GAV VEIZUJI for 21 gold pieces
  9398 | D:7      | Bought a scroll labeled HAROAFE TI NIO for 21 gold pieces
  9398 | D:7      | Bought a scroll labeled QIPSEL CEINOA for 21 gold pieces
  9398 | D:7      | Bought an inky potion for 18 gold pieces
  9456 | D:7      | Found Heatag's Weapon Shoppe.
  9693 | D:7      | Found an iron altar of Okawaru.
  9846 | D:7      | Reached skill level 10 in Dodging
  9868 | D:7      | Found a staircase to the Ecumenical Temple.
 10485 | D:8      | Noticed a two-headed ogre
 10504 | D:8      | Reached XP level 10. HP: 44/55 MP: 16/18
 10641 | D:8      | Killed a two-headed ogre
 11368 | D:9      | Found a staircase to the Orcish Mines.
 11750 | D:9      | Reached skill level 1 in Shields
 11818 | D:9      | Noticed an unseen horror
 11846 | D:9      | Killed an unseen horror
 12727 | D:9      | Learned a level 1 spell: Apportation
 12729 | D:9      | Learned a level 1 spell: Confusing Touch
 12875 | D:9      | Noticed a manticore
 12877 | D:9      | Killed a manticore
 12877 | D:9      | Reached skill level 5 in Shields
 12877 | D:9      | Reached XP level 11. HP: 53/60 MP: 16/19
 13056 | D:9      | Found a shattered altar of Ashenzari.
 13147 | Orc:1    | Entered Level 1 of the Orcish Mines
 13528 | Orc:1    | Noticed an orc warlord
 13528 | Orc:1    | Noticed an orc knight
 13528 | Orc:1    | Noticed Maurice
 13758 | Orc:1    | Killed an orc knight
 13889 | Orc:1    | Killed an orc warlord
 13889 | Orc:1    | Reached skill level 11 in Evocations
 14144 | Orc:1    | Killed Maurice
 14487 | Orc:2    | Entered Level 2 of the Orcish Mines
 14541 | Orc:2    | Noticed an orc knight
 14692 | Orc:1    | Killed an orc knight
 14806 | Orc:1    | Reached skill level 12 in Evocations
 15290 | Orc:2    | Noticed a deep elf mage
 15290 | Orc:2    | Noticed a deep elf mage
 15383 | Orc:2    | Noticed a deep elf mage
 15391 | Orc:2    | Killed a deep elf mage
 15401 | Orc:2    | Noticed a deep elf mage
 15419 | Orc:2    | Killed a deep elf mage
 15448 | Orc:2    | Killed a deep elf mage
 15504 | Orc:2    | Got a faintly glowing scimitar {antimagic}
 15563 | Orc:2    | Noticed an orc high priest
 15587 | Orc:2    | Noticed a deep elf knight
 15589 | Orc:2    | Killed an orc high priest
 15798 | Orc:2    | Identified the +2 scimitar "Testudinebane" {antimagic, rF++ rN+ Dex+3} (You took it off a deep elf mage on level 2 of the Orcish Mines)
 15853 | Orc:2    | Noticed Snorg
 16184 | Orc:2    | Killed a deep elf knight
 16184 | Orc:2    | Reached XP level 12. HP: 66/66 MP: 22/22
 16200 | Orc:2    | Noticed an orc warlord
 16741 | Orc:1    | Killed an orc warlord
 17247 | Orc:1    | Killed Snorg
 17247 | Orc:1    | Reached skill level 10 in Fighting
 17728 | Orc:2    | Noticed an orc high priest
 17761 | Orc:2    | Reached skill level 13 in Evocations
 17913 | Orc:2    | Killed an orc high priest
 18353 | Orc:2    | Noticed an orc high priest
 18384 | Orc:2    | Killed an orc high priest
 18384 | Orc:2    | Reached skill level 14 in Evocations
 18479 | Orc:2    | Noticed an orc high priest
 18782 | Orc:2    | Killed an orc high priest
 18785 | Orc:2    | Learned a level 1 spell: Summon Small Mammal
 18990 | Orc:2    | Found a staircase to the Elven Halls.
 19184 | Orc:2    | Found Mehirche's Distillery.
 19184 | Orc:2    | Found Bojex's Book Emporium.
 19222 | Orc:2    | Found Riroqen's Book Shoppe.
 19223 | Orc:2    | Noticed an orc high priest
 19225 | Orc:2    | Found Wemaf's Distillery.
 19227 | Orc:2    | an orc high priest changed into a slime creature
 19326 | Orc:2    | Bought a potion of lignification for 45 gold pieces
 19327 | Orc:2    | Bought a potion of brilliance for 56 gold pieces
 19327 | Orc:2    | Bought a potion of ambrosia for 112 gold pieces
 19912 | D:6      | Bought a scroll of vulnerability for 75 gold pieces
 19912 | D:6      | Bought a scroll of remove curse for 30 gold pieces
 20054 | D:10     | Entered Level 10 of the Dungeon
 20175 | D:10     | Found a staircase to the Lair.
 20447 | D:10     | Found a burning altar of Makhleb.
 20540 | D:11     | Noticed a four-headed hydra
 20554 | D:11     | Killed a four-headed hydra
 20681 | D:11     | Found a flagged portal.
 20689 | D:11     | Noticed Harold
 20795 | Bailey   | Entered a bailey
 21244 | Bailey   | Found the ring of the Octopus King
 21422 | Bailey   | Got a ring of the Octopus King
 21428 | Bailey   | Identified a ring of the Octopus King {Wiz AC+1 EV+1 Str+1 Int+1 Dex+1} (You found it in a bailey)
 21718 | D:11     | Noticed Harold
 21718 | D:11     | Harold changed into Harold the eye of draining
 22078 | D:11     | Killed Harold the eye of draining
 22157 | D:11     | Reached skill level 5 in Stealth
 22157 | D:11     | Reached XP level 13. HP: 74/74 MP: 24/24
 22726 | D:12     | Learned a level 3 spell: Confuse
 23410 | D:12     | Learned a level 3 spell: Regeneration
 24051 | D:13     | Reached skill level 5 in Spellcasting
 24208 | D:13     | Identified a scroll of acquirement {!r}
 24546 | D:13     | Found a gate to the Vaults.
 26015 | D:15     | Entered Level 15 of the Dungeon
 26118 | D:15     | Reached XP level 14. HP: 63/79 MP: 25/25
 26283 | D:15     | Found a shimmering altar of Xom.
 26283 | D:15     | Found a blossoming altar of Fedhas.
 26284 | D:15     | Found a shattered altar of Ashenzari.
 26287 | D:15     | Noticed Kirke
 26381 | D:15     | Reached skill level 15 in Dodging
 26418 | D:15     | Killed Kirke
 26817 | D:15     | Noticed a frost giant
 27238 | D:15     | Reached skill level 15 in Evocations
 28211 | D:15     | Noticed an iron dragon
 28299 | D:15     | Reached skill level 16 in Evocations
 30189 | D:15     | Reached skill level 17 in Evocations
 30195 | D:15     | Killed an iron dragon
 30544 | D:15     | Got a wavering pewter ring
 30546 | D:15     | Got a pitted granite ring
 30569 | D:15     | Identified the ring "Xorotre" {rPois MR+ SInv} (You found it on level 15 of the Dungeon)
 30573 | D:15     | Identified the ring of Cijul {rElec rPois rC+ Int-3} (You found it on level 15 of the Dungeon)
 30671 | D:15     | Noticed an iron dragon
 30701 | D:15     | Killed an iron dragon
 30739 | D:15     | Reached XP level 15. HP: 76/85 MP: 23/28
 30762 | D:15     | Identified Sif Muna's Reference Book on the Escort
 30869 | D:15     | Killed a frost giant
 30882 | D:15     | Found a staircase to the Depths.
 31033 | Depths:1 | Entered Level 1 of the Depths
 31033 | Depths:1 | Noticed an azure jelly
 31033 | Depths:1 | Noticed an azure jelly
 31033 | Depths:1 | Noticed an azure jelly
 31033 | Depths:1 | Noticed an azure jelly
 31034 | Depths:1 | Noticed an acid blob
 31034 | Depths:1 | Noticed an acid blob
 31035 | Depths:1 | Noticed an azure jelly
 31036 | Depths:1 | Noticed an azure jelly
 31255 | Elf:1    | Entered Level 1 of the Elven Halls
 32300 | Elf:1    | Reached skill level 18 in Evocations
 32305 | Elf:1    | Noticed a bone dragon
 32753 | Elf:1    | Identified the Handbook of Feathers
 33422 | Elf:1    | Identified the Grimoire of Contamination
 33655 | Elf:1    | Found Isazom's Food Shoppe.
 34138 | Elf:1    | Identified the Volume of Changing
 34185 | Elf:1    | Learned a level 2 spell: Passwall
 34189 | Elf:1    | Learned a level 3 spell: Mephitic Cloud
 34383 | Elf:1    | Reached skill level 19 in Evocations
 34659 | Elf:1    | Noticed a deep elf sorcerer
 34683 | Elf:1    | Killed a deep elf sorcerer
 34737 | Elf:1    | Identified Raduebagg's Tome of Combat Magic and the Entourage
 35425 | Elf:1    | Identified Sif Muna's Tome of the Blaze
 35478 | Elf:1    | Noticed Louise
 35722 | Elf:1    | Killed Louise
 35807 | Elf:1    | Identified the Incunabulum of the Entourage
 36299 | Elf:2    | HP: 1/86 [deep elf mage/bolt of cold (10)]
 36598 | Elf:2    | Noticed a deep elf sorcerer
 36654 | Elf:2    | Learned a level 3 spell: Conjure Flame
 36701 | Elf:2    | Found a runed gate.
 36701 | Elf:2    | Found a runed gate.
 36728 | Elf:2    | Found a runed gate.
 36796 | Elf:3    | Entered Level 3 of the Elven Halls
 36822 | Elf:3    | Noticed a deep elf sorcerer
 36824 | Elf:3    | Reached XP level 16. HP: 91/91 MP: 19/30
 36983 | Elf:3    | Found a magical portal.
 36986 | WizLab   | Entered Iskenderun's Mystic Tower
 38124 | WizLab   | Reached skill level 20 in Evocations
 38667 | WizLab   | Identified Iskenderun's Almanac of Combat Magic
 38667 | WizLab   | Identified Iskenderun's Catalogue of Conjuration
 38667 | WizLab   | Identified the Handbook of Patterns
 38779 | WizLab   | Identified Asmuumit's Reference Book on Flying Changing
 39878 | Elf:3    | Found a portal to a secret trove of treasure.
 40636 | Elf:2    | Reached skill level 21 in Evocations
 41039 | Elf:2    | Noticed a storm dragon
 41039 | Elf:2    | a dire elephant changed into a storm dragon
 41318 | Elf:1    | Identified the Guide on Evil Secrets
 42944 | Elf:3    | Noticed a deep elf blademaster
 42990 | Elf:3    | Killed a deep elf blademaster
 43518 | Elf:3    | Reached XP level 17. HP: 88/98 MP: 32/32
 43654 | Elf:3    | Reached skill level 15 in Fighting
 43857 | Elf:3    | Noticed a deep elf master archer
 43863 | Elf:3    | Killed a deep elf master archer
 43885 | Elf:3    | Noticed a deep elf master archer
 43895 | Elf:3    | Noticed a deep elf blademaster
 43934 | Elf:3    | Killed a deep elf blademaster
 43934 | Elf:3    | Reached skill level 22 in Evocations
 44183 | Elf:3    | Killed a deep elf master archer
 44765 | Elf:3    | Got a heavily runed bone amulet
 44774 | Elf:3    | Identified the amulet "Tuotsog" {Reflect Fragile rPois rC+ SH+2} (You took it off a deep elf death mage on level 3 of the Elven Halls)
 44856 | Elf:1    | Bought a ration for 65 gold pieces
 44856 | Elf:1    | Bought a ration for 65 gold pieces
 44856 | Elf:1    | Bought a ration for 65 gold pieces
 44856 | Elf:1    | Bought a ration for 65 gold pieces
 44856 | Elf:1    | Bought a ration for 65 gold pieces
 44856 | Elf:1    | Bought a ration for 65 gold pieces
 44856 | Elf:1    | Bought a ration for 65 gold pieces
 44856 | Elf:1    | Bought a ration for 65 gold pieces
 44856 | Elf:1    | Bought a ration for 65 gold pieces
 44856 | Elf:1    | Bought a ration for 65 gold pieces
 44911 | Elf:3    | Got a scorched long sword {venom}
 44970 | Elf:3    | Reached skill level 23 in Evocations
 45211 | Elf:3    | Noticed a Tzitzimitl
 45534 | Elf:3    | Got a flickering silver ring
 45624 | Elf:3    | Got a fine long sword {vamp}
 45628 | Elf:3    | Identified the Disquisition on the Arsonist
 45679 | Elf:3    | Identified the Incunabulum of Fiery Clay
 45714 | Elf:3    | Identified the ring "Ynabaeb" {rC+ Dex+4 Stlth+} (You took it off a deep elf annihilator on level 3 of the Elven Halls)
 45752 | Elf:3    | Gained mutation: You are occasionally teleported next to monsters. [a neqoxec]
 46211 | Elf:3    | Lost mutation: You are occasionally teleported next to monsters. [potion of mutation]
 46211 | Elf:3    | Gained mutation: You are agile. (Dex +2) [potion of mutation]
 46211 | Elf:3    | Gained mutation: You have a pair of small antennae on your head. [potion of mutation]
 46307 | Elf:3    | Bought a box of beasts for 300 gold pieces
 46307 | Elf:3    | Bought a box of beasts for 300 gold pieces
 46310 | Elf:3    | Bought a potion of heal wounds for 75 gold pieces
 46310 | Elf:3    | Bought a potion of heal wounds for 75 gold pieces
 46310 | Elf:3    | Bought a potion of heal wounds for 75 gold pieces
 46313 | Elf:3    | Bought a box of beasts for 300 gold pieces
 46313 | Elf:3    | Bought a wand of clouds (6) for 450 gold pieces
 46316 | Elf:3    | Bought a wand of iceblast (8) for 180 gold pieces
 47064 | Depths:1 | Noticed Anon1729's ghost (journeyman FeCj)
 47077 | Depths:1 | Killed Anon1729's ghost
 47183 | Depths:1 | Reached skill level 24 in Evocations
 47256 | Depths:1 | Noticed a lich
 47268 | Depths:1 | Killed a lich
 47278 | Depths:1 | Got a smoking falchion
 47404 | Depths:1 | Found a gateway to Hell.
 48084 | Depths:1 | Reached skill level 10 in Short Blades
 48121 | Depths:1 | Reached XP level 18. HP: 63/104 MP: 17/35
 48419 | Depths:1 | Found Ruddaheo's Jewellery Shop.
 48421 | Depths:1 | Found Raluby's Gadget Shoppe.
 48422 | Depths:1 | Found Afuasser's Jewellery Shop.
 48440 | Depths:1 | Bought a wand of random effects (9) for 88 gold pieces
 48440 | Depths:1 | Bought a wand of random effects (12) for 112 gold pieces
 48442 | Depths:1 | Bought a cursed -3 ring of slaying for 22 gold pieces
 49096 | Depths:1 | Identified the +7 falchion "Lienuf" {freeze, rElec} (You found it on level 1 of the Depths)
 50199 | Depths:2 | Found a one-way gate leading to the halls of Pandemonium.
 50421 | Depths:2 | Noticed a tentacled monstrosity
 50721 | Depths:2 | Found a viscous altar of Jiyva.
 51327 | Depths:1 | Got a bloodstained lajatang
 51333 | Depths:1 | Identified the +6 lajatang "Ubiarch" {freeze, rC+ MR+} (You acquired it on level 1 of the Depths)
 51914 | Depths:1 | Killed a tentacled monstrosity
 52147 | Hell     | Entered the Vestibule of Hell
 52147 | Hell     | Noticed Geryon
 53010 | Depths:2 | Found a transporter.
 53074 | Depths:2 | Found a transporter.
 53845 | Depths:2 | Paralysed by a floating eye for 2 turns
 54518 | D:9      | Learned a level 2 spell: Sticks to Snakes
 55974 | Elf:2    | Reached XP level 19. HP: 86/108 MP: 30/36
 56358 | Elf:2    | Reached skill level 10 in Stealth
 60129 | Depths:2 | Noticed a lich
 60153 | Depths:1 | Reached skill level 25 in Evocations
 60548 | Depths:2 | Got a smoking rapier
 60980 | Hell     | Found a gateway to the Iron City of Dis.
 60989 | Dis:1    | Entered Level 1 of the Iron City of Dis
 61170 | Dis:2    | Noticed a Tzitzimitl
 61288 | Hell     | Found a gateway to the decaying netherworld of Tartarus.
 62319 | Lair:1   | Entered Level 1 of the Lair of Beasts
 63346 | Lair:2   | Noticed Urug
 63427 | Lair:2   | Killed Urug
 64121 | Lair:2   | Reached skill level 1 in Armour
 64600 | Lair:3   | Found a staircase to the Snake Pit.
 65369 | Lair:4   | Noticed Galewind's ghost (journeyman DECj)
 65395 | Lair:4   | Killed Galewind's ghost
 65443 | Lair:4   | Noticed Sonja
 65450 | Lair:4   | Killed Sonja
 65943 | Lair:4   | Found a staircase to the Swamp.
 66390 | Lair:5   | Found a staircase to the Slime Pits.
 66396 | Lair:5   | Found a viscous altar of Jiyva.
 67322 | Lair:6   | Entered Level 6 of the Lair of Beasts
 67562 | Lair:6   | Found a dark tunnel.
 67586 | Lair:6   | Reached skill level 5 in Armour
 67645 | Volcano  | Entered a volcano
 68170 | Volcano  | Found a burning altar of Makhleb.
 68266 | Volcano  | Reached XP level 20. HP: 117/117 MP: 37/37
 69146 | Lair:6   | Found the amulet of the Four Winds {rN+ MR+++ Clar}
 69698 | Lair:6   | Identified the Papyrus of Ignition
 70036 | Slime:1  | Entered Level 1 of the Pits of Slime
 71069 | Swamp:1  | Entered Level 1 of the Swamp
 71071 | Swamp:1  | Found a frozen archway.
 71099 | IceCv    | Entered an ice cave
 72107 | Swamp:1  | Noticed Josephine
 72472 | Depths:1 | Bought the ring "Xueqil" {rF+ rN+++ MR- Slay+5 Stlth-} for 1368 gold pieces
 72493 | Depths:1 | Bought the ring of Emaarchue {rElec rF- MR+ Str+5 Int+4} for 684 gold pieces
 73369 | Swamp:3  | Mangled by a shambling mangrove

Vault maps used:
D:1:      minmay_arrival_hallway
D:2:      marbit_many_paths, minmay_overflow_temple_hex, first_ration,
          serial_bayou, serial_bayou_crossing, serial_bayou_ford_a,
          serial_bayou_pond_a, serial_bayou_pond_b, minmay_hexomino_r4,
          uniq_natasha
D:5:      minmay_misc_feat_tower, trog_three_pillars_becter
D:6:      nicolae_overflow_crystal_walls, serial_shops, shop, basic_altar,
          nicolae_wand_duel, roderic_roman_lattice, nrook_mini_vaults,
          minivault_27
D:7:      nicolae_overflow_hidden_temple, minmay_temple_entry_nine_rooms,
          serial_shops, shop_fountains, nicolae_shop_crystal, shop, the_bakery
D:9:      minmay_bloctagon_deflated, lemuel_round_altar, erik_orc_4
D:10:     david_lair_shrubbed, bloody_makhleb
D:11:     enter_bailey_3, minmay_curled_crystal, nrook_guardian_serpent_double,
          uniq_harold
D:12:     grunt_decor_fettered, nicolae_looking_at_the_future
D:13:     david_vaults_2, minmay_misc_feat_encased, kennysheep_just_a_vault
D:14:     small_statue_intersection, minmay_misc_feat_columns
D:15:     hangedman_slaughterboxes, uniq_kirke
Lair:2:   beast_lair_carwin_10, grunt_megastairs_1, uniq_urug
Lair:3:   minmay_snake_entry_six_corridors, beast_lair_carwin_4,
          serial_bayou_shore_b, grunt_megastairs_3
Lair:4:   nzn_motion_control, minmay_swamp_entry_worms, grunt_megastairs_4,
          uniq_sonja
Lair:5:   slime_altar_1, st_stairs_8, infiniplex_staircase_pool,
          lemuel_fruit_fields
Lair:6:   minmay_lair_end_frog_pond, nicolae_volcano_entry_hallway
Swamp:1:  portal_ice_cave_entry_pillars_three, hangedman_swamp_cone,
          uniq_josephine
Swamp:2:  evilmike_swamp_ruin_rubble_1, swamp_pool3,
          nicolae_swamp_alligator_family
Swamp:3:  hangedman_swamp_blocks, uniq_donald
Slime:3:  cheibrodos_slime_lost_civilization_9
Orc:1:    cheibrodos_orc_arena, uniq_maurice
Orc:2:    st_orc_mages, elf_legates, uniq_snorg
Elf:1:    eino_elf_arrival_customs, serial_shops, shop,
          serial_hangedman_research, hangedman_research_metamorphosis,
          hangedman_research_convocations, hangedman_research_pyrotechnics,
          hangedman_research_toxicology, hangedman_research_electronics,
          hangedman_research_thanatology, minmay_elf_sorcery, uniq_louise
Elf:2:    st_stairs_11, hangedman_elf_simple_split
Elf:3:    elf_hall, nicolae_trove_entry_crystal, mu_enter_wizlab_7
Depths:1: hell_entry, spider_trap, grunt_ministairs_9, nrook_uturn,
          minmay_misc_feat_room, minmay_acid_items, grunt_megastairs_2,
          minmay_shop_grove
Depths:2: gammafunk_jiyva_shrine, grunt_pan_entry_spiral, hell_entry,
          minmay_pinched_square, infiniplex_staircase_river
Depths:3: minmay_the_grid_plus, pan_entry, grunt_mini_vestibule,
          serial_bayou_lagoon_a, infiniplex_staircase_door_maze,
          serial_bayou_shore_b
Bailey:   bailey_polearm_flooded_kennysheep, bailey
IceCv:    ice_cave_small_demon
Volcano:  volcano_lake
WizLab:   wizlab_iskenderun

Skill      XL: |  1  2  3  4  5  6  7  8  9 10 11 12 13 14 15 16 17 18 19 20 |
---------------+-------------------------------------------------------------+-----
Stealth        | 2 5 8 9 10 | 10.0
Short Blades   | 2 3 5 6 8 10 | 10.0
Evocations     | 5 6 7 9 10 12 14 17 19 21 24 25 | 25.2
Fighting       | 3 7 8 9 11 12 13 14 15 16 17 | 17.0
Dodging        | 9 10 11 14 15 16 18 | 18.0
Shields        | 5 7 |  7.2
Spellcasting   | 6 9 |  9.0
Armour         | 5 9 |  9.1

Action                   |  1- 3 |  4- 6 |  7- 9 | 10-12 | 13-15 | 16-18 | 19-21 || total
-------------------------+-------+-------+-------+-------+-------+-------+-------++-------
Melee: Short sword       |    20 |       |       |       |       |       |       ||    20
       Dagger            |     7 |   177 |   646 |  1424 |  2669 |  1687 |  2860 ||  9470
       Unarmed           |       |       |       |   100 |   313 |   169 |    99 ||   681
       Whip              |       |       |       |    36 |    17 |       |       ||    53
       Scimitar          |       |       |       |     3 |       |       |       ||     3
       Quick blade       |       |       |       |       |       |       |   116 ||   116
 Fire: Hunting sling     |       |       |       |    16 |       |       |       ||    16
       Blowgun           |       |       |       |   181 |       |       |       ||   181
Throw: Stone             |       |       |       |     2 |       |       |       ||     2
       Throwing net      |       |       |       |       |     1 |     2 |     1 ||     4
 Cast: Confusing Touch   |       |       |       |    43 |   142 |    72 |    46 ||   303
       Summon Small Mamm |       |       |       |    10 |     4 |       |     1 ||    15
       Mephitic Cloud    |       |       |       |       |    14 |   145 |    22 ||   181
       Confuse           |       |       |       |       |     6 |       |       ||     6
       Conjure Flame     |       |       |       |       |     3 |    61 |    46 ||   110
       Passwall          |       |       |       |       |     1 |     6 |     4 ||    11
       Regeneration      |       |       |       |       |       |     1 |     9 ||    10
       Sticks to Snakes  |       |       |       |       |       |       |     4 ||     4
Invok: Potion Petition   |       |       |       |       |     1 |    12 |     3 ||    16
       Call Merchant     |       |       |       |       |       |     4 |       ||     4
Evoke: Wand              |    10 |    11 |     7 |    74 |    59 |    36 |     6 ||   203
       Lightning rod     |       |       |       |       |     4 |     8 |     1 ||    13
       Sack of spiders   |       |       |       |       |     1 |       |     1 ||     2
       Box of beasts     |       |       |       |       |       |     2 |     2 ||     4
       Fan of gales      |       |       |       |       |       |       |     1 ||     1
  Use: Potion            |     2 |       |     1 |       |     9 |    12 |    11 ||    35
       Scroll            |       |       |    12 |     5 |    12 |    10 |     8 ||    47
 Stab: Sleeping          |     1 |     2 |    10 |     6 |    28 |    13 |    32 ||    92
       Distracted        |       |       |     2 |    11 |    32 |    15 |    15 ||    75
       Confused          |       |       |       |    28 |   131 |   157 |    35 ||   351
       Paralysed         |       |       |       |       |    12 |     1 |       ||    13
       Petrified         |       |       |       |       |    11 |       |       ||    11
       Held in net/web   |       |       |       |       |     3 |     2 |     2 ||     7
       Petrifying        |       |       |       |       |     2 |       |       ||     2
       Invisible         |       |       |       |       |     5 |    19 |       ||    24
  Eat: Ration            |       |       |     4 |    10 |    11 |    19 |    11 ||    55
Armor: Robe              |     5 |    12 |     9 |     9 |    86 |    36 |    53 ||   210
       Skin              |       |       |       |       |       |     2 |       ||     2
       Gold dragon scale |       |       |       |       |       |       |    73 ||    73
Dodge: Dodged            |    81 |    74 |   245 |   478 |  1305 |   641 |  1313 ||  4137
Block: Other             |       |    35 |   110 |    51 |       |    10 |       ||   206
       Reflection        |       |       |     1 |    49 |    44 |    58 |    36 ||   188
       Buckler           |       |       |       |   597 |  1597 |   719 |  1904 ||  4817

Table legend:
 A = Spawn XP
 B = Non-spawn XP
 C = Spawn XP percentage of total XP
 D = Spawn monster count
 E = Non-spawn monster count
 F = Spawn count percentage of total count
 G = Total turns spent on level
                    A         B        C        D         E        F      G
               +---------+---------+-------+---------+---------+-------+---------
         Total |       0 |  529624 |   0.0 |       0 |    1413 |   0.0 | 73369
               +---------+---------+-------+---------+---------+-------+---------
           D:1 |       0 |      12 |   0.0 |       0 |       9 |   0.0 |   565
           D:2 |       0 |     248 |   0.0 |       0 |      37 |   0.0 |  3367
           D:3 |       0 |      37 |   0.0 |       0 |      14 |   0.0 |   852
           D:4 |       0 |     209 |   0.0 |       0 |      13 |   0.0 |  1388
           D:5 |       0 |     679 |   0.0 |       0 |      25 |   0.0 |  1284
           D:6 |       0 |     550 |   0.0 |       0 |      10 |   0.0 |  1620
           D:7 |       0 |    2734 |   0.0 |       0 |      22 |   0.0 |  1128
           D:8 |       0 |    2637 |   0.0 |       0 |      33 |   0.0 |  1397
           D:9 |       0 |    4049 |   0.0 |       0 |      48 |   0.0 |  2011
          D:10 |       0 |     705 |   0.0 |       0 |       9 |   0.0 |  1058
          D:11 |       0 |    3626 |   0.0 |       0 |      26 |   0.0 |   931
          D:12 |       0 |    7162 |   0.0 |       0 |      64 |   0.0 |  1450
          D:13 |       0 |   11077 |   0.0 |       0 |      49 |   0.0 |  1618
          D:14 |       0 |    7737 |   0.0 |       0 |      23 |   0.0 |  1675
          D:15 |       0 |   46186 |   0.0 |       0 |      98 |   0.0 |  5391
        Lair:1 |       0 |    2123 |   0.0 |       0 |      14 |   0.0 |   928
        Lair:2 |       0 |    9408 |   0.0 |       0 |      34 |   0.0 |  1098
        Lair:3 |       0 |    6219 |   0.0 |       0 |      32 |   0.0 |  1071
        Lair:4 |       0 |   10059 |   0.0 |       0 |      27 |   0.0 |  1131
        Lair:5 |       0 |    2635 |   0.0 |       0 |       8 |   0.0 |  1032
        Lair:6 |       0 |   34199 |   0.0 |       0 |     103 |   0.0 |  1879
       Swamp:1 |       0 |    2252 |   0.0 |       0 |      13 |   0.0 |   404
       Swamp:2 |       0 |    2996 |   0.0 |       0 |       9 |   0.0 |   135
       Swamp:3 |       0 |    3133 |   0.0 |       0 |      10 |   0.0 |   124
       Slime:1 |       0 |    4554 |   0.0 |       0 |       8 |   0.0 |   292
       Slime:2 |       0 |    8082 |   0.0 |       0 |      25 |   0.0 |   673
       Slime:3 |       0 |    1836 |   0.0 |       0 |       1 |   0.0 |    18
         Orc:1 |       0 |    8292 |   0.0 |       0 |      41 |   0.0 |  3263
         Orc:2 |       0 |   14277 |   0.0 |       0 |     110 |   0.0 |  3853
         Elf:1 |       0 |   46155 |   0.0 |       0 |      98 |   0.0 |  6028
         Elf:2 |       0 |   42652 |   0.0 |       0 |      60 |   0.0 |  4012
         Elf:3 |       0 |   59679 |   0.0 |       0 |      51 |   0.0 |  4554
      Depths:1 |       0 |   68636 |   0.0 |       0 |      80 |   0.0 |  6203
      Depths:2 |       0 |   57814 |   0.0 |       0 |      71 |   0.0 |  4711
      Depths:3 |       0 |   11370 |   0.0 |       0 |      14 |   0.0 |   637
         Dis:1 |       0 |     801 |   0.0 |       0 |       1 |   0.0 |   101
         Dis:2 |       0 |    5275 |   0.0 |       0 |      12 |   0.0 |   192
        Bailey |       0 |    2284 |   0.0 |       0 |      39 |   0.0 |   899
         IceCv |       0 |    5111 |   0.0 |       0 |      25 |   0.0 |  1007
       Volcano |       0 |    3662 |   0.0 |       0 |      15 |   0.0 |   770
        WizLab |       0 |   28472 |   0.0 |       0 |      32 |   0.0 |  2549
               +---------+---------+-------+---------+---------+-------+---------
